2126 views
Uploaded 2024-05-11 19:37:07
Game version 1.36 (6115)
25:34 long 1on1 custom game on (2)EchoIsles
Game name "123stg"
Saved by VladStg
2126 views
Uploaded 2024-05-11 19:37:07
Game version 1.36 (6115)
25:34 long 1on1 custom game on (2)EchoIsles
Game name "123stg"

59 units @ 7.2k
/ 0.6k
34 buildings @ 3.6k
/ 1.7k



| Scroll of Regeneration | 2 | 200 |
| Lesser Clarity Potion | 2 | 140 |
| Potion of Healing | 1 | 150 |
| Scroll of Town Portal | 3 | 1050 |
| Scroll of Healing | 1 | 250 |
| Scroll of Protection | 1 | 150 |
| Potion of Lesser Invulnerability | 1 | 150 |
| total: | 11 | 2090g |
| Peasant | 30 | 2250 | / | 0 |
| Footman | 11 | 1485 | / | 0 |
| Sorceress | 4 | 620 | / | 80 |
| Priest | 5 | 675 | / | 50 |
| Knight | 7 | 1715 | / | 420 |
| Spell Breaker | 2 | 430 | / | 60 |
| total: | 59 | 7175g | / | 610w |
| Scout Tower | 11 | 330 | / | 220 |
| Arcane Tower | 3 | 210 | / | 150 |
| Guard Tower | 7 | 490 | / | 350 |
| Altar of Kings | 2 | 360 | / | 100 |
| Farm | 9 | 720 | / | 180 |
| Barracks | 2 | 320 | / | 120 |
| Lumber Mill | 1 | 120 | / | 0 |
| Town Hall | 2 | 770 | / | 410 |
| Arcane Vault | 2 | 260 | / | 60 |
| Blacksmith | 1 | 140 | / | 60 |
| Arcane Sanctum | 2 | 300 | / | 280 |
| Gryphon Aviary | 2 | 280 | / | 300 |
| Keep | 1 | 320 | / | 210 |
| Castle | 1 | 360 | / | 210 |
| total: | 34 | 3600g | / | 1730w |
| 0:02 | Peasant |
| 0:02 | Peasant |
| 0:09 | Altar of Kings |
| 0:22 | Farm |
| 0:27 | Peasant |
| 0:33 | Barracks |
| 0:48 | Peasant |
| 0:56 | Farm |
| 1:00 | Peasant |
| 1:14 | Peasant |
| 1:22 | Peasant |
| 1:31 | Farm |
| 1:35 | Footman |
| 1:38 | Scout Tower |
| 1:42 | Peasant |
| 1:55 | Footman |
| 2:06 | Arcane Tower |
| 2:19 | Storm Bolt |
| 2:24 | Footman |
| 2:25 | Peasant |
| 2:36 | Lumber Mill |
| 3:27 | Peasant |
| 3:27 | Peasant |
| 4:35 | Town Hall |
| 4:43 | Peasant |
| 4:43 | Peasant |
| 4:43 | Peasant |
| 4:58 | Thunder Clap |
| 5:13 | Peasant |
| 5:26 | Peasant |
| 5:32 | Peasant |
| 5:38 | Improved Lumber Harvesting |
| 5:54 | Peasant |
| 6:00 | Scout Tower |
| 6:09 | Scout Tower |
| 6:15 | Peasant |
| 6:18 | Arcane Vault |
| 6:28 | Footman |
| 6:40 | Guard Tower |
| 6:42 | Scout Tower |
| 6:44 | Peasant |
| 6:47 | Guard Tower |
| 6:56 | Scout Tower |
| 6:59 | Scout Tower |
| 7:06 | Footman |
| 7:11 | Arcane Tower |
| 7:15 | Farm |
| 7:26 | Guard Tower |
| 7:27 | Arcane Tower |
| 7:35 | Improved Masonry |
| 7:40 | Scout Tower |
| 7:47 | Peasant |
| 8:06 | Scroll of Regeneration |
| 8:06 | Lesser Clarity Potion |
| 8:07 | Scroll of Regeneration |
| 8:07 | Lesser Clarity Potion |
| 8:22 | Guard Tower |
| 8:23 | Scout Tower |
| 8:26 | Scout Tower |
| 8:39 | Keep |
| 8:56 | Farm |
| 8:57 | Farm |
| 9:00 | Footman |
| 9:07 | Scout Tower |
| 9:09 | Scout Tower |
| 9:19 | Footman |
| 9:24 | Guard Tower |
| 9:25 | Guard Tower |
| 9:54 | Guard Tower |
| 10:01 | Altar of Kings |
| 10:36 | Peasant |
| 10:58 | Footman |
| 11:14 | Arcane Sanctum |
| 11:26 | Peasant |
| 11:26 | Peasant |
| 11:30 | Peasant |
| 11:35 | Footman |
| 11:47 | Advanced Lumber Harvesting |
| 11:57 | Sorceress |
| 11:57 | Sorceress |
| 11:59 | Priest |
| 12:00 | Sorceress |
| 12:01 | Priest |
| 12:16 | Farm |
| 12:22 | Farm |
| 13:25 | Priest |
| 13:35 | Blizzard |
| 13:43 | Castle |
| 13:47 | Arcane Sanctum |
| 14:05 | Footman |
| 14:07 | Sorceress |
| 14:29 | Footman |
| 14:31 | Priest |
| 14:48 | Blacksmith |
| 14:57 | Peasant |
| 14:57 | Peasant |
| 14:58 | Peasant |
| 15:48 | Priest Adept Training |
| 15:49 | Priest |
| 16:17 | Arcane Vault |
| 16:28 | Animal War Training |
| 16:28 | Knight |
| 16:32 | Barracks |
| 16:35 | Peasant |
| 16:51 | Peasant |
| 17:02 | Scroll of Town Portal |
| 17:03 | Scroll of Healing |
| 17:03 | Scroll of Protection |
| 17:11 | Spell Breaker |
| 17:12 | Spell Breaker |
| 17:23 | Storm Bolt |
| 17:45 | Iron Forged Swords |
| 17:48 | Iron Plating |
| 17:50 | Knight |
| 17:54 | Brilliance Aura |
| 18:10 | Farm |
| 19:10 | Priest Master Training |
| 19:33 | Knight |
| 19:33 | Knight |
| 19:38 | Steel Forged Swords |
| 20:35 | Scroll of Town Portal |
| 20:40 | Potion of Lesser Invulnerability |
| 20:56 | Holy Light |
| 21:22 | Gryphon Aviary |
| 21:26 | Gryphon Aviary |
| 21:43 | Steel Plating |
| 23:15 | Scroll of Town Portal |
| 23:16 | Potion of Healing |
| 23:32 | Knight |
| 23:32 | Knight |
| 24:16 | Town Hall |
| 24:43 | Advanced Masonry |
| 25:29 | Knight |
| Right click | 2027 |
| Select group | 876 |
| Select | 429 |
| Use ability | 244 |
| Build/train/purchase | 131 |
| Assign group | 38 |
| Misc. action | 19 |
| Remove unit | 2 |
29 units @ 4.8k
/ 0.5k
16 buildings @ 2.4k
/ 0.9k


| Healing Salve | 8 | 800 |
| Lesser Clarity Potion | 4 | 280 |
| Potion of Healing | 2 | 300 |
| Scroll of Speed | 3 | 150 |
| total: | 17 | 1530g |
| Peon | 8 | 600 | / | 0 |
| Grunt | 10 | 2000 | / | 0 |
| Raider | 7 | 1260 | / | 280 |
| Demolisher | 2 | 440 | / | 100 |
| Kodo Beast | 2 | 510 | / | 120 |
| total: | 29 | 4810g | / | 500w |
| Watch Tower | 4 | 440 | / | 320 |
| Altar of Storms | 1 | 180 | / | 50 |
| Orc Burrow | 7 | 1120 | / | 280 |
| Barracks | 1 | 180 | / | 50 |
| Voodoo Lounge | 1 | 130 | / | 30 |
| War Mill | 1 | 205 | / | 0 |
| Beastiary | 1 | 145 | / | 140 |
| Stronghold | 1 | 315 | / | 190 |
| total: | 16 | 2400g | / | 870w |
| 0:03 | Altar of Storms |
| 0:03 | Peon |
| 0:04 | Peon |
| 0:19 | Orc Burrow |
| 0:32 | Peon |
| 0:37 | Barracks |
| 0:50 | Peon |
| 1:13 | Peon |
| 1:24 | Peon |
| 1:38 | Grunt |
| 1:54 | Voodoo Lounge |
| 1:57 | Peon |
| 2:07 | Feral Spirit |
| 2:21 | Orc Burrow |
| 3:15 | Grunt |
| 3:17 | Stronghold |
| 3:36 | Healing Salve |
| 3:52 | Lesser Clarity Potion |
| 4:00 | Orc Burrow |
| 5:34 | Grunt |
| 5:48 | Beastiary |
| 5:57 | Chain Lighting |
| 6:33 | Grunt |
| 6:37 | War Stomp |
| 6:56 | Ensnare |
| 6:56 | Raider |
| 7:00 | Healing Salve |
| 7:00 | Potion of Healing |
| 7:15 | Lesser Clarity Potion |
| 7:19 | Orc Burrow |
| 7:41 | Orc Burrow |
| 7:46 | Berserker Strength |
| 8:24 | Grunt |
| 8:32 | Raider |
| 9:12 | Raider |
| 10:02 | Grunt |
| 10:03 | Raider |
| 10:12 | War Mill |
| 11:25 | Raider |
| 11:29 | Steel Melee Weapons |
| 11:36 | Orc Burrow |
| 11:45 | Orc Burrow |
| 12:17 | Healing Salve |
| 12:17 | Lesser Clarity Potion |
| 12:18 | Scroll of Speed |
| 12:31 | Shockwave |
| 12:50 | Demolisher |
| 13:35 | Demolisher |
| 14:40 | Grunt |
| 14:42 | Raider |
| 14:42 | Raider |
| 14:52 | Feral Spirit |
| 15:20 | Grunt |
| 16:54 | Healing Salve |
| 17:03 | Healing Salve |
| 17:03 | Healing Salve |
| 17:30 | Peon |
| 17:39 | Scroll of Speed |
| 18:16 | Watch Tower |
| 18:17 | Watch Tower |
| 18:18 | Watch Tower |
| 18:19 | Watch Tower |
| 19:43 | Kodo Beast |
| 19:46 | Grunt |
| 19:46 | Grunt |
| 20:50 | Healing Salve |
| 20:50 | Healing Salve |
| 20:52 | Scroll of Speed |
| 21:57 | Kodo Beast |
| 23:41 | Potion of Healing |
| 23:43 | Lesser Clarity Potion |
| Right click | 2160 |
| Select group | 784 |
| Select | 575 |
| Misc. action | 125 |
| Build/train/purchase | 89 |
| Assign group | 58 |
| Use ability | 41 |
| Chat | 4 |
| Esc | 1 |